AoeStats
← Grant B 1993

Black Forest

509740790Analyzed
2v2 RM · 4d ago on Sep 27, 2026· 61m 12s· 4 players
Game mode
Random Map
Map size
Medium (4 player)
Population
200
Speed
Normal
Resources
Standard
Victory
Conquest
Starting age
Dark Age
Ending age
Imperial Age
RankedLock teamsTeams togetherTeam positionsShared explorationLock speedFull tech treeHidden civsTurbo modeCheats
Victory
Defeat
🇺🇸 Varangians · United States
818
+16
🇵🇦 Khitans · Panama
717
+20
🇧🇴 Turks · Bolivia
812
-18
🇹🇷 Khmer · Türkiye
809
-18
Elcaifascefas
0:44 Loom
12:13 Feudal Age
12:51 Double-Bit Axe
14:48 Domestication
22:27 Castle Age
20:44 Scale Mail Armor
20:55 Fletching
22:35 Forging
22:28 Padded Archer Armor
23:38 Chain Mail Armor
24:15 Elite Skirmisher
25:52 Leather Archer Armor
27:15 Bodkin Arrow
28:04 Bow Saw
29:53 Wheelbarrow
30:20 Iron Casting
34:40 Imperial Age
32:40 Ballistics
36:42 Chemistry
36:56 Thumb Ring
38:58 Ring Archer Armor
38:50 Pastoralism
39:39 Plate Mail Armor
41:31 Bracer
44:37 Lamellar Armor
43:53 Elite Liao Dao
47:51 Heavy Rocket Cart
Grant B 1993
7:13 Loom
11:10 Feudal Age
16:30 Castle Age
15:08 Horse Collar
15:16 Double-Bit Axe
17:06 Gold Mining
17:06 Stone Mining
17:36 Bow Saw
18:18 Heavy Plow
24:28 Wheelbarrow
23:41 Town Watch
27:00 Forging
26:58 Scale Barding Armor
32:03 Imperial Age
31:21 Iron Casting
31:07 Chain Barding Armor
30:37 Fletching
30:52 Scale Mail Armor
32:11 Scale Mail Armor
34:20 Conscription
33:24 Elite Jarl
35:20 Blast Furnace
34:55 Plate Barding Armor
35:11 Chain Mail Armor
34:52 Bodkin Arrow
36:34 Hand Cart
36:23 Town Patrol
36:40 Squires
36:26 Arson
37:17 Ballistics
37:59 Chemistry
37:06 Bracer
37:37 Plate Mail Armor
37:53 Pikeman
40:27 Siege Engineers
40:53 Husbandry
41:04 Bloodlines
41:05 Halberdier
Malikestergok
2:19 Loom
13:04 Feudal Age
14:37 Wheelbarrow
13:46 Horse Collar
13:56 Double-Bit Axe
24:16 Castle Age
23:54 Stone Mining
23:54 Gold Mining
24:21 Forging
28:45 Hand Cart
35:42 Caravan
35:53 Heavy Plow
36:05 Bow Saw
36:55 Coinage
39:14 Imperial Age
39:40 Iron Casting
38:55 Fletching
39:05 Padded Archer Armor
39:12 Scale Barding Armor
39:09 Tusk Swords
39:25 Masonry
39:38 Ballistics
40:34 Crop Rotation
42:37 Blast Furnace
41:33 Bodkin Arrow
41:54 Leather Archer Armor
42:31 Sappers
43:25 Conscription
44:03 Heavy Scorpion
47:51 Chemistry
47:23 Architecture
47:04 Fortified Wall
48:02 Sappers
OLOPACIO
10:49 Feudal Age
11:13 Horse Collar
11:19 Double-Bit Axe
19:19 Castle Age
19:03 Wheelbarrow
18:56 Stone Mining
22:47 Bow Saw
23:15 Heavy Plow
24:42 Caravan
25:12 Gold Mining
26:55 Gold Shaft Mining
30:23 Hand Cart
33:51 Imperial Age
32:04 Treadmill Crane
33:25 Ballistics
33:18 Husbandry
33:31 Bloodlines
33:59 Thumb Ring
35:55 Two-Man Saw
35:24 Artillery
35:45 Conscription
36:17 Scale Barding Armor
36:04 Fletching
36:29 Forging
36:53 Heavy Camel Rider
39:18 Heavy Scorpion
40:55 Fortified Wall
40:32 Arrowslits
41:17 Chain Barding Armor
41:32 Iron Casting
40:48 Fletching
41:09 Cavalier
43:28 Elite Janissary
Connection lost

Rejoining the realm…

Still unreachable

The connection could not be restored.

Session expired

The server has moved on; the page needs a fresh start.